 Dungeon Crawl Stone Soup version 0.19-a0-488-gf8766cc (webtiles) character file.

1035 shmeve the Shield-Bearer (level 8, 6/74 HPs)
             Began as a Deep Dwarf Fighter on June 5, 2016.
             Was an Initiate of Elyvilon.
             Quit the game on level 6 of the Dungeon.
             The game lasted 00:11:52 (3857 turns).

shmeve the Shield-Bearer (Deep Dwarf Fighter)       Turns: 3857, Time: 00:11:53

Health: 6/74       AC:  9    Str: 23    XL:     8   Next: 3%
Magic:  9/9        EV:  5    Int:  8    God:    Elyvilon [......]
Gold:   244        SH: 15    Dex: 12    Spells: 0 memorised, 7 levels left

rFire  . . .     SeeInvis .     a - +0 war axe
rCold  + . .     Gourm    .     p - +0 chain mail
rNeg   . . .     Faith    .     t - +0 large shield
rPois  .         Spirit   .     (no helmet)
rElec  .         Dismiss  .     (no cloak)
rCorr  +         Reflect  .     (no gloves)
SustAt .         Harm     .     (no boots)
MR     +....                    (no amulet)
Stlth  ..........               v - ring of protection from cold
                                u - ring of resist corrosion

@: non-regenerating, somewhat resistant to hostile enchantments, extremely
unstealthy
A: damage resistance, recharge devices, sense surroundings 1, slow regeneration
3
a: Device Recharging, Renounce Religion


You were on level 6 of the Dungeon.
You worshipped Elyvilon.
Elyvilon was noncommittal.
You were not hungry.

You visited 1 branch of the dungeon, and saw 6 of its levels.

You collected 244 gold pieces.

Inventory:

Hand Weapons
 a - a +0 war axe (weapon)
Armour
 p - a +0 chain mail (worn)
 t - a +0 large shield (worn)
Jewellery
 u - a ring of resist corrosion (left hand)
 v - a ring of protection from cold (right hand)
 B - a cursed ring of loudness {unknown}
Wands
 e - a wand of heal wounds (1/9)
 y - a wand of confusion (29/48)
Scrolls
 g - a scroll of teleportation {unknown}
 j - 2 scrolls of enchant weapon {unknown}
 k - 6 scrolls of remove curse {unknown}
 m - 2 scrolls of noise {unknown}
 o - 5 scrolls of identify {unknown}
 q - a scroll of fog {unknown}
 r - 2 scrolls of recharging {unknown}
 w - 2 scrolls of enchant armour {unknown}
 A - a scroll of immolation {unknown}
Potions
 b - a potion of curing {unknown}
 c - a potion of agility {unknown}
 d - a potion of might
 h - 2 potions of invisibility {unknown}
 i - a potion of haste {unknown}
 n - 2 potions of berserk rage {unknown}
 s - 2 potions of resistance {unknown}
Comestibles
 f - 4 bread rations
 l - 2 slices of pizza
 x - 2 meat rations
 z - 3 fruits


   Skills:
 * Level 5.2 Fighting
 * Level 4.9 Axes
 + Level 4.5 Armour
 + Level 3.0 Dodging
 * Level 5.6 Shields
 + Level 1.3 Invocations
 + Level 3.5 Evocations


You had 7 spell levels left.
You didn't know any spells.

Dungeon Overview and Level Annotations

Branches:
Dungeon (6/15)             Temple (0/1) D:5

Altars:
Dithmenos
Elyvilon
Kikubaaqudgha
Nemelex Xobeh
Okawaru
Ru
Trog


Innate Abilities, Weirdness & Mutations

You are resistant to damage.
You can recharge devices by infusing magical energy.
You passively map a small area around you.
You do not regenerate naturally.


Message History

* * * LOW HITPOINT WARNING * * *
The human hits you with a club.
* * * LOW HITPOINT WARNING * * *
The human barely misses you. The crimson imp barely misses you.
You closely miss the orc warrior.
You hit the crimson imp but do no damage.
You slash the human!
The human is severely wounded.
Your shield and chain mail prevent you from hitting the human.
The human is severely wounded.
You closely miss the human.
The human is lightly wounded.
Your shield prevents you from hitting the human.
The human is moderately wounded.
The human hits you but does no damage. You block the human's attack.
The human hits you.
* * * LOW HITPOINT WARNING * * *
You block the orc warrior's attack. You block the human's attack.
The crimson imp hits you but does no damage.
Are you sure you want to abandon this character and quit the game? (Confirm with "yes".)

* * #. #.# , ,,
#.# #.# *, #.# #.#
**** #a# #.# #.#
#.# #.# #.# *
#####.#######.# *
...#..pp.........#
*
.!....p@)#########
, ......po5......#
...........###.#
........#### ,
...#..... ,,, * .!
###### * * , . ,,


You could see 4 humans, an orc warrior, a worker ant (confused) and a crimson
imp.

Vanquished Creatures
  2 phantoms
  2 ogres (D:5)
  A scorpion (D:4)
  A howler monkey (D:4)
  2 crimson imps (D:6)
  A hound (D:5)
  An orc priest (D:3)
  4 orc wizards
  A giant frog skeleton (D:5)
  3 worker ants
  11 adders
  An ooze (D:2)
  An adder skeleton (D:4)
  6 worms
  4 dart slugs
  A giant gecko (D:3)
  17 orcs
  3 ball pythons
  6 giant cockroaches
  12 goblins
  13 hobgoblins
  10 jackals
  5 kobolds
  3 quokkas
  5 bats
  A giant gecko skeleton (D:4)
  A giant gecko zombie (D:5)
  5 giant newts
  A quokka skeleton (D:5)
  7 rats
131 creatures vanquished.

Notes
Turn   | Place    | Note
--------------------------------------------------------------
     0 | D:1      | shmeve the Deep Dwarf Fighter began the quest for the Orb.
     0 | D:1      | Reached XP level 1. HP: 20/20 MP: 1/1
   197 | D:1      | Reached skill level 1 in Evocations
   197 | D:1      | Reached XP level 2. HP: 22/27 MP: 2/2
   671 | D:1      | Reached skill level 1 in Dodging
   776 | D:2      | Reached XP level 3. HP: 28/33 MP: 3/3
  1089 | D:2      | Reached XP level 4. HP: 28/42 MP: 5/5
  1845 | D:3      | Reached XP level 5. HP: 39/49 MP: 6/6
  2209 | D:3      | Found a sparkling altar of Nemelex Xobeh.
  2372 | D:4      | Found an ancient bone altar of Kikubaaqudgha.
  2372 | D:4      | Found a shadowy altar of Dithmenos.
  2395 | D:4      | Reached XP level 6. HP: 37/57 MP: 7/7
  2469 | D:4      | Found an iron altar of Okawaru.
  2873 | D:5      | Entered Level 5 of the Dungeon
  2940 | D:5      | Reached XP level 7. HP: 43/64 MP: 8/8
  2947 | D:5      | Reached skill level 5 in Shields
  3083 | D:5      | Found a bloodstained altar of Trog.
  3274 | D:5      | Found a white marble altar of Elyvilon.
  3277 | D:5      | Became a worshipper of Elyvilon the Healer
  3290 | D:5      | Found a sacrificial altar of Ru.
  3470 | D:5      | Elyvilon protects you from harm!
  3613 | D:5      | Found a staircase to the Ecumenical Temple.
  3720 | D:6      | Reached skill level 5 in Fighting
  3720 | D:6      | Reached skill level 1 in Invocations
  3843 | D:6      | Noticed a human
  3843 | D:6      | Noticed a human
  3845 | D:6      | Noticed a human
  3848 | D:6      | Noticed a human
  3851 | D:6      | Reached XP level 8. HP: 45/74 MP: 9/9
  3857 | D:6      | Quit the game

Vault maps used:
D:1:      onia_arrival_pyramid, serial_park_tiny_2
D:2:      first_bread, grunt_ministairs_1
D:3:      nemelex_xobeh_ov_fountains_minmay
D:4:      kennysheep_the_goblin_king, lemuel_crystal_altar,
          grunt_dithmenos_smoke, okawaru_trees_1
D:5:      lightli_temple_of_fire, lemuel_doored_altar, temple_hall,
          nicolae_ru_awakened_eye
D:6:      overflow_temple_1_default, minmay_ruffians

Skill      XL: |  1  2  3  4  5  6  7 |
---------------+----------------------+-----
Evocations     | 1 2 3 |  3.5
Dodging        | 1 2 3 |  3.0
Fighting       | 3 4 5 |  5.2
Axes           | 3 4 |  4.9
Shields        | 4 5 |  5.6
Armour         | 4 |  4.5
Invocations    | 1 |  1.3

Action                   |  1- 3 |  4- 6 |  7- 9 || total
-------------------------+-------+-------+-------++-------
Melee: War axe           |   131 |   252 |   123 ||   506
 Abil: Device Recharging |       |     1 |       ||     1
Evoke: Wand              |     1 |     3 |     4 ||     8
  Eat: Chunk             |     1 |     6 |     4 ||    11
Armor: Scale mail        |    52 |       |       ||    52
       Chain mail        |    14 |   132 |    55 ||   201
Dodge: Dodged            |    43 |    57 |    27 ||   127
Block: Shield            |    87 |    38 |       ||   125
       Large shield      |       |   200 |   119 ||   319
